 Dungeon Crawl Stone Soup version 0.27-a0-920-gb2bd10914a (webtiles) character file.

Game seed: 3186027812003558411

11487 mhtbhm the Geomancer (level 11, -2/60 HPs)
             Began as a Gargoyle Earth Elementalist on Apr 9, 2021.
             Was an Elder of Vehumet.
             Slain by a two-headed ogre
             ... wielding a +0 giant club
              (4 damage)
             ... on level 2 of the Orcish Mines.
             The game lasted 00:37:42 (17213 turns).

mhtbhm the Geomancer (Gargoyle Earth Elementalist) Turns: 17213, Time: 00:37:44

Health: -2/60      AC: 19    Str: 11    XL:     11   Next: 78%
Magic:  33/33      EV: 13    Int: 26    God:    Vehumet [****..]
Gold:   712        SH:  0    Dex: 10    Spells: 8/29 levels left

rFire    . . .     SeeInvis .   w - staff of earth
rCold    . . .     Faith    .   (no shield)
rNeg     + . .     Spirit   .   D - +0 steam dragon scales
rPois    ∞         Reflect  .   F - +0 helmet
rElec    +         Harm     .   j - +2 cloak
rCorr    .         Rampage  .   f - +1 pair of gloves
Will     .....                  (no boots)
Stlth    +++.......             m - amulet of the acrobat
HPRegen  0.20/turn              z - +6 ring of intelligence
MPRegen  0.23/turn              J - ring of magical power

@: no status effects
A: AC +8, negative energy resistance 1, electricity resistance, torment
resistance 1, unbreathing 1, petrification resistance
a: Renounce Religion


You were on level 2 of the Orcish Mines.
You worshipped Vehumet.
Vehumet was greatly pleased with you.
You visited 3 branches of the dungeon, and saw 13 of its levels.
You also visited: Ossuary and Bailey.

You collected 1747 gold pieces.
You spent 1035 gold pieces at shops.

Inventory:

Hand Weapons
 y - a +2 whip of electrocution
Missiles
 b - 172 stones
 e - 12 throwing nets (quivered)
 B - 4 curare-tipped darts
Armour
 a - +0 acid dragon scales
 f - a +1 pair of gloves (worn)
 j - a +2 cloak (worn)
 D - +0 steam dragon scales (worn)
 F - a +0 helmet (worn)
Magical Staves
 w - a staff of earth (weapon)
Jewellery
 g - a ring of resist corrosion
 h - a ring of ice
 m - an amulet of the acrobat (around neck)
 p - a ring of protection from cold
 z - a +6 ring of intelligence (left hand)
 J - a ring of magical power (right hand)
Wands
 C - a wand of charming (8)
 G - a wand of random effects (29)
 I - a wand of acid (9)
Scrolls
 k - 3 scrolls of enchant armour
 q - a scroll of enchant weapon
 r - 3 scrolls of teleportation
 s - a scroll of amnesia
 v - 2 scrolls of silence
 A - a scroll of vulnerability {unknown}
 H - a scroll of holy word
Potions
 d - a potion of flight
 i - 3 potions of might
 l - 2 potions of attraction
 o - a potion of brilliance {unknown}
 t - 2 potions of mutation {unknown}
 u - 5 potions of curing
 x - a potion of magic {unknown}
 E - 2 potions of ambrosia {unknown}
Miscellaneous
 n - a tin of tremorstones (inert)


   Skills:
 + Level 3.2 Fighting
 + Level 6.0(6.2) Maces & Flails
 + Level 2.3(4.4) Staves
 + Level 3.2 Throwing
 + Level 5.7 Dodging
 + Level 6.4 Stealth
 + Level 9.5 Spellcasting
 + Level 1.8 Conjurations
 + Level 2.2 Transmutations
 + Level 11.3 Earth Magic
 + Level 1.7 Evocations


You had 8 spell levels left.
You knew the following spells:

 Your Spells              Type           Power      Damage    Failure   Level
a - Sandblast             Erth           100%       2d20      1%          1
b - Passwall              Tmut/Erth      52%        N/A       1%          2
c - Stone Arrow           Conj/Erth      100%       3d13      1%          3
d - Lee's Rapid Deconstr  Erth           41%        3d21*     1%          5
e - Petrify               Tmut/Erth      63%        N/A       3%          4
f - Iron Shot             Conj/Erth      31%        9d6       13%         6

Your spell library contained the following spells:

 Spells                   Type           Power      Damage    Failure   Level
 Iskenderun's Mystic Bla  Conj/Tloc      17%        2d5       9%          4
 Foxfire                  Conj/Fire      68%        2x1d7     1%          1
 Conjure Flame            Conj/Fire      17%        6-21      2%          3
 Animate Skeleton         Necr           24%        N/A       4%          1
 Apportation              Tloc           24%        N/A       4%          1
 Corona                   Hex            13%        N/A       4%          1
 Summon Small Mammal      Summ           48%        N/A       4%          1
 Inner Flame              Hex/Fire       12%        N/A       4%          3
 Bolt of Magma            Conj/Fire/Erth 26%        4d12      6%          5
 Sticky Flame             Conj/Fire      17%        2d4       9%          4
 Confusing Touch          Hex            12%        N/A       14%         3
 Gell's Gravitas          Tloc           6%         N/A       14%         3
 Iskenderun's Battlesphe  Conj           22%        2d8       16%         5
 Yara's Violent Unravell  Hex/Tmut       9%         3d6       22%         5
 Fireball                 Conj/Fire      8%         3d6       24%         5
 Metabolic Englaciation   Hex/Ice        6%         N/A       80%         5
 Orb of Destruction       Conj           11%        9d5       98%         7
 Spellforged Servitor     Conj/Summ      8%         N/A       99%         7


Dungeon Overview and Level Annotations

Branches:
Dungeon (10/15)            Temple (1/1) D:5            Lair (0/6) D:8
    Orc (2/2) D:10            Elf (0/3) Orc:2       Ossuary (visited)
 Bailey (visited)

Altars:
Ashenzari
Cheibriados
Dithmenos
Elyvilon
Fedhas
Gozag
Hepliaklqana
Kikubaaqudgha
Makhleb
Nemelex Xobeh
Okawaru
Qazlal
Ru
Sif Muna
Trog
Uskayaw
Vehumet
Wu Jian
Xom
Yredelemnul
Zin
The Shining One

Shops:
D:1 !(?*[   D:10 :   Orc:1 =

Annotations:
D:9 Psyche


Innate Abilities, Weirdness & Mutations

Your stone body is resilient. (AC +8)
You are immune to poison.
You resist negative energy. (rN+)
You are resistant to electric shocks. (rElec)
You are resistant to unholy torment.
You can survive without breathing.
You are immune to petrification.


Message History

You start resting.
Magic restored.
You start resting.
You start resting.
HP restored.
Things that are here:
a +0 giant club; a +0 giant spiked club
There is a stone staircase leading down here.
You climb downwards.
An orc knight and an orc warlord come into view.
The orc warlord is wielding a +0 vorpal great mace.
The two-headed ogre shouts in stereo!
The two-headed ogre closely misses you.
The two-headed ogre completely misses you.
The ogre mage gestures at itself while chanting.
The ogre mage flickers and vanishes!
Deactivating autopickup; reactivate with Ctrl-A.
The orc warrior barely misses you.
The two-headed ogre hits you with a +0 giant club!!
Ouch! That really hurt!
The two-headed ogre hits you with a +0 giant club.
An orc high priest comes into view. It is wielding a +0 scimitar.
The orc warrior hits you with a +2 war axe of venom!
* * * LOW HITPOINT WARNING * * *
An orc warrior comes into view. It is wielding a +0 scimitar.
The two-headed ogre hits you with a +0 giant club!
* * * LOW HITPOINT WARNING * * *
The two-headed ogre hits you with a +0 giant club.
* * * LOW HITPOINT WARNING * * *
The two-headed ogre barely misses you. The two-headed ogre closely misses you.
The orc warrior shouts!
There is a stone staircase leading up here.
Unknown command.
As you read the scroll labelled TAPLAY DODEREVE, it crumbles to dust.
You feel aware of your surroundings.
You sensed 2 altars, and 4 shops/portals.
It was a scroll of magic mapping.
The two-headed ogre completely misses you.
The two-headed ogre hits you with a +0 giant spiked club.
You die...

,,,* **,,,,,,**,,,*****,,,,,,,*
,,****,*,..........#.#..,,,*,**
,,,,*,,,*...............,,,,,,*
,,,,,,,,*....#..........,,,,,**
***,,,,,,.............$.,,,*** *
**,,,,,...............,,** *
***,,**..$............,,**
***,,,,**......O...o....,,,**
**,,,,,,,.......@{O....$,,,,*
,*,,,,,,,......OoOo.....,,,,*
,,,,,,,,,.......T.......,*,***
,,,,,,,,,...............,,**,**
,,,,,,,,,...............,,,,,,*
,,,,,,,∩,....#.##.#..o..,,,,,,**
,,,,,,8,,.P....**..#....,,,*,,,**
**,,,,,,,......,,..,.oo.,,,,,,,*,
***,,,,,,,,,**,**,,,,,,,,,,,,,,,,


You could see an orc warlord, an orc knight, an orc high priest, 4 two-headed
ogres, a troll and 3 orc warriors.

Vanquished Creatures
  Harold (D:9)
  A centaur warrior (D:9)
  2 two-headed ogres
  Maurice (D:8)
  A gargoyle (D:8)
  A jumping spider (shapeshifter) (D:10)
  Prince Ribbit (D:9)
  Grinder (D:5)
  6 yaks (D:9)
  2 wyverns
  A steam dragon (D:6)
  An acid dragon (D:6)
  Duvessa (D:5)
  3 water moccasins
  3 ice beasts
  3 orc warriors
  2 black bears
  A necrophage (D:4)
  3 ogres (D:6)
  4 centaurs
  7 kobold brigands
  An elf zombie (Ossuary)
  9 gnoll sergeants
  6 bullfrogs
  A scorpion (D:5)
  Dowan (D:5)
  10 killer bees
  3 howler monkeys (D:7)
  A bullfrog zombie (D:6)
  4 centaur zombies
  A jelly (D:5)
  4 hounds
  5 orc priests
  9 gnoll shamans
  4 bullfrog skeletons
  Ijyb (D:3)
  2 orc wizards
  Natasha (thrice) (D:2)
  3 iguanas (D:6)
  4 hound zombies (Ossuary)
  A hound skeleton (D:4)
  5 mummies
  2 howler monkey zombies
  34 gnolls
  5 adders
  3 white imps
  A worm (D:3)
  An adder skeleton (D:4)
  An adder zombie (D:5)
  24 orcs
  7 endoplasms
  A giant cockroach (D:2)
  8 goblins
  11 hobgoblins
  36 kobolds
  6 quokkas
  7 ball pythons
  6 bats
  5 frilled lizards
  A hobgoblin zombie (Ossuary)
  3 kobold zombies (Ossuary)
  2 orc zombies (Ossuary)
  8 rats
  A rat zombie (Ossuary)
297 creatures vanquished.

Vanquished Creatures (others)
  51 plants (D:6)
51 creatures vanquished.

Grand Total: 348 creatures vanquished

Notes
Turn   | Place    | Note
-------+----------+-------------------------------------------
     0 | D:1      | mhtbhm the Gargoyle Earth Elementalist began the quest for
                  | the Orb.
     0 | D:1      | Reached XP level 1. HP: 10/10 MP: 3/3
    20 | D:1      | Found Nuoxzam's Distillery.
    33 | D:1      | Found Xokhlolu's Magic Scroll Shoppe.
   298 | D:1      | Found Guor's Assorted Antiques.
   301 | D:1      | Found Ugaoxad's Armour Emporium.
   399 | D:1      | Reached XP level 2. HP: 11/15 MP: 5/5
   400 | D:1      | Reached skill level 4 in Earth Magic
   620 | D:1      | Found Culinev's Weapon Emporium.
  1511 | D:2      | Reached XP level 3. HP: 9/19 MP: 3/6
  1688 | D:2      | Reached XP level 4. HP: 21/24 MP: 5/7
  1798 | D:3      | Learned a level 2 spell: Passwall
  1802 | D:3      | Learned a level 3 spell: Stone Arrow
  2717 | D:3      | Noticed Ijyb
  2780 | D:3      | Killed Ijyb
  2781 | D:3      | Reached skill level 1 in Throwing
  2781 | D:3      | Reached skill level 5 in Earth Magic
  2781 | D:3      | Reached XP level 5. HP: 7/28 MP: 0/9
  4194 | D:2      | Noticed Natasha
  4198 | D:2      | Killed Natasha
  4383 | D:2      | Noticed Natasha
  4391 | D:2      | Killed Natasha
  4405 | D:2      | Noticed Natasha
  4409 | D:2      | Killed Natasha
  4410 | D:2      | Reached XP level 6. HP: 33/33 MP: 5/11
  4416 | D:2      | Learned a level 5 spell: Lee's Rapid Deconstruction
  4673 | D:4      | Noticed a black bear
  4690 | D:4      | Killed a black bear
  5012 | D:4      | Noticed a necrophage
  5025 | D:4      | Killed a necrophage
  5026 | D:4      | Reached skill level 1 in Maces & Flails
  5026 | D:4      | Reached XP level 7. HP: 31/37 MP: 12/12
  5034 | D:4      | Reached skill level 1 in Fighting
  5146 | D:4      | Reached skill level 6 in Earth Magic
  5279 | D:4      | Found an iron altar of Okawaru.
  6051 | D:5      | Entered Level 5 of the Dungeon
  6176 | D:5      | Found a staircase to the Ecumenical Temple.
  6202 | Temple   | Entered the Ecumenical Temple
  6291 | Temple   | Became a worshipper of Vehumet
  6452 | D:5      | Reached XP level 8. HP: 36/43 MP: 2/15
  6597 | D:5      | Noticed Grinder
  6618 | D:5      | Killed Grinder
  6619 | D:5      | Reached skill level 1 in Conjurations
  6680 | D:5      | Learned a level 4 spell: Petrify
  6965 | D:5      | Reached skill level 7 in Earth Magic
  6994 | D:5      | Noticed Duvessa
  6997 | D:5      | Noticed Dowan
  7019 | D:5      | Killed Duvessa
  7020 | D:5      | Reached skill level 5 in Spellcasting
  7026 | D:5      | Killed Dowan
  7765 | D:6      | Found a sand-covered staircase.
  7807 | Ossuary  | Entered an ossuary
  7824 | Ossuary  | Reached * piety under Vehumet
  7824 | Ossuary  | Offered knowledge of Freeze by Vehumet.
  8628 | Ossuary  | Reached XP level 9. HP: 48/48 MP: 17/17
  8920 | D:6      | Reached skill level 8 in Earth Magic
  9338 | D:6      | Reached ** piety under Vehumet
  9338 | D:6      | Offered knowledge of Magic Dart by Vehumet.
 10655 | D:6      | Reached skill level 1 in Transmutations
 11162 | D:7      | Reached XP level 10. HP: 54/54 MP: 20/20
 11223 | D:7      | Reached skill level 5 in Maces & Flails
 11652 | D:8      | Noticed a gargoyle
 11661 | D:8      | Offered knowledge of Static Discharge by Vehumet.
 11665 | D:8      | Killed a gargoyle
 11678 | D:8      | Reached *** piety under Vehumet
 11729 | D:8      | Reached skill level 9 in Earth Magic
 11792 | D:8      | Identified a scroll of acquirement
 11792 | D:8      | Acquired a staff of earth
 11850 | D:8      | Found a flagged portal.
 11859 | Bailey   | Entered a bailey
 11911 | Bailey   | Offered knowledge of Dazzling Flash by Vehumet.
 11915 | Bailey   | Reached skill level 5 in Dodging
 11916 | Bailey   | Reached skill level 1 in Evocations
 11969 | Bailey   | HP: 2/55 [gnoll sergeant/+0 glaive (7)]
 13234 | D:8      | Found a staircase to the Lair.
 13240 | D:8      | Noticed Maurice
 13256 | D:8      | Killed Maurice
 13257 | D:8      | Reached skill level 5 in Stealth
 13699 | D:9      | Noticed a centaur warrior
 13719 | D:9      | Killed a centaur warrior
 13720 | D:9      | Reached skill level 1 in Staves
 13913 | D:9      | Noticed Harold
 13934 | D:9      | HP: 2/56 [Harold/+0 broad axe (3)]
 13935 | D:9      | Reached skill level 10 in Earth Magic
 13935 | D:9      | Reached XP level 11. HP: 2/60 MP: 5/23
 13938 | D:9      | Killed Harold
 14908 | D:9      | Reached **** piety under Vehumet
 14926 | D:9      | Noticed Psyche
 15220 | D:9      | Noticed Prince Ribbit
 15233 | D:9      | Killed Prince Ribbit
 15394 | D:10     | Entered Level 10 of the Dungeon
 15420 | D:10     | Noticed a two-headed ogre
 15424 | D:10     | Killed a two-headed ogre
 15920 | D:10     | Reached skill level 11 in Earth Magic
 16257 | D:10     | Found a staircase to the Orcish Mines.
 16296 | D:10     | Found Ezeam's Book Shoppe.
 16304 | D:10     | Bought a book of Power for 675 gold pieces
 16311 | D:10     | Learned a level 6 spell: Iron Shot
 16434 | D:10     | Offered knowledge of Iskenderun's Mystic Blast by Vehumet.
 16905 | Orc:1    | Entered Level 1 of the Orcish Mines
 16905 | Orc:1    | Found Idaasarr's Jewellery Shoppe.
 16947 | Orc:1    | Bought a ring of magical power for 360 gold pieces
 16954 | Orc:2    | Entered Level 2 of the Orcish Mines
 16954 | Orc:2    | Noticed an ogre mage
 16954 | Orc:2    | Noticed a two-headed ogre
 16954 | Orc:2    | Noticed a two-headed ogre
 16954 | Orc:2    | Noticed a two-headed ogre
 16954 | Orc:2    | Noticed a two-headed ogre
 16954 | Orc:2    | Noticed a two-headed ogre
 16968 | Orc:1    | Killed a two-headed ogre
 17212 | Orc:2    | Noticed an orc warlord
 17212 | Orc:2    | Noticed an orc knight
 17212 | Orc:2    | Noticed an orc high priest
 17212 | Orc:2    | HP: 2/60 [two-headed ogre/+0 giant club (4)]
 17213 | Orc:2    | Slain by a two-headed ogre

Illustrated notes

Levels and vault maps discovered:
D:1:      dpeg_arrival_erosion, layout_basic, serial_shops,
          nicolae_shop_behind_doors, shop, shop, shop, shop
D:2:      layout_rooms, uniq_natasha
D:3:      layout_basic, uniq_ijyb
D:4:      layout_basic, kennysheep_okawaru_gauntlet, minmay_cut_off
D:5:      layout_basic, minmay_temple_entry_tees, wad_floor_pattern_1,
          uniq_grinder, uniq_duvessa
D:6:      kennysheep_housing_project, layout_loops_ring,
          gup_ossuary_entry_pyramid, kennysheep_generic_room_4
D:7:      layout_cave_pools
D:8:      layout_rooms, lair_entry_dummy, enter_bailey_8,
          kennysheep_nondescript, uniq_maurice
D:9:      layout_roguey, uniq_psyche, uniq_harold, uniq_prince_ribbit1
D:10:     layout_irregular_city, david_orc_2, serial_shops, shop, eino_jars
Temple:   grunt_wide_crystal_templ
Orc:1:    layout_diamond_mine, basic_altar, serial_shops,
          nicolae_shop_waterfront, shop_statue, kennysheep_orc_sif_temple
Orc:2:    grunt_orc_gardens, layout_caves, grunt_orc_garden, grunt_orc_garden,
          grunt_orc_garden, grunt_orc_garden, nicolae_orc_damp_corner,
          hangedman_feature_mirror

Skill      XL: |  1  2  3  4  5  6  7  8  9 10 11 |
---------------+----------------------------------+-----
Earth Magic    | 4 5 6 7 8 10 11 | 11.3
Dodging        | 2 3 4 5 |  5.7
Throwing       | 1 2 3 |  3.2
Spellcasting   | 3 4 5 7 8 9 |  9.5
Maces & Flails | 1 2 3 4 6 |  6.0
Fighting       | 1 2 3 |  3.2
Stealth        | 3 4 5 6 |  6.4
Conjurations   | 1 |  1.8
Transmutations | 1 2 |  2.2
Evocations     | 1 |  1.7
Staves         | 1 2 |  2.3

Action                   |  1- 3 |  4- 6 |  7- 9 | 10-12 || total
-------------------------+-------+-------+-------+-------++-------
Melee: Unarmed           |     7 |       |       |       ||     7
       Flail             |    21 |    11 |       |       ||    32
       Club              |     9 |       |       |       ||     9
       Staff             |       |     6 |       |   186 ||   192
       Whip              |       |    38 |   357 |   139 ||   534
Throw: Boomerang         |    26 |    57 |    24 |       ||   107
       Stone             |       |       |     3 |     2 ||     5
       Throwing net      |       |       |       |     6 ||     6
       Dart              |       |       |       |     4 ||     4
 Cast: Sandblast         |    24 |    61 |    61 |    43 ||   189
       Stone Arrow       |       |     7 |     6 |    12 ||    25
       Lee's Rapid Decon |       |       |    19 |    54 ||    73
       Petrify           |       |       |     9 |    12 ||    21
Evoke: Wand              |       |       |    11 |    28 ||    39
       Tin of tremorston |       |       |       |     2 ||     2
  Use: Scroll            |     2 |     3 |    10 |     9 ||    24
       Potion            |       |     2 |     5 |     4 ||    11
 Stab: Sleeping          |       |       |     6 |     3 ||     9
       Petrified         |       |       |     5 |    10 ||    15
       Petrifying        |       |       |     1 |       ||     1
Armor: Robe              |    20 |    46 |   113 |       ||   179
       Skin              |       |       |   132 |       ||   132
       Steam dragon scal |       |       |    55 |   238 ||   293
Dodge: Dodged            |    49 |    70 |   294 |   344 ||   757

Table legend: (Time is in decaauts)
 A = Elapsed time spent in this place.
 B = Non-inter-level travel time spent in this place.
 C = Inter-level travel time spent in this place.
 D = Time resting spent in this place.
 E = Time spent auto-exploring this place.
 F = Levels seen in this place.
 G = Mean time per level.
                   A        B        C        D        E       F      G
               +--------+--------+--------+--------+--------+-----+--------+
         Total |  17191 |  17049 |    142 |   6625 |   6397 |  15 | 1146.1 |
       Dungeon |  14728 |  14586 |    142 |   5129 |   6208 |  10 | 1472.8 |
        Temple |    104 |    104 |      0 |      0 |      0 |   1 |  104.0 |
  Orcish Mines |    307 |    307 |      0 |    234 |      0 |   2 |  153.5 |
       Ossuary |    854 |    854 |      0 |    602 |     66 |   1 |  854.0 |
        Bailey |   1196 |   1196 |      0 |    660 |    123 |   1 | 1196.0 |
               +--------+--------+--------+--------+--------+-----+--------+

Top non-repeatable levels by time:
     D:6: 2711 daAuts
     D:3: 2228 daAuts
    D:10: 1510 daAuts
     D:1: 1477 daAuts
     D:9: 1475 daAuts
     D:4: 1449 daAuts
     D:5: 1290 daAuts
  Bailey: 1196 daAuts
     D:8: 1033 daAuts
     D:2: 943 daAuts
 Ossuary: 854 daAuts
     D:7: 608 daAuts
   Orc:1: 303 daAuts
  Temple: 104 daAuts
   Orc:2: 4 daAuts
